Selects Italian Coastal Battlegroup
Construct Infanterie Kompanie
Infanterie Officer Quarters
Construct Panzergrenadier Kompanie
Selects Rapid Fortifications
Nebelwerfer 42 Rocket Launcher Team
Construct Luftwaffe Kompanie
Nebelwerfer 42 Rocket Launcher Team
Nebelwerfer 42 Rocket Launcher Team
Selects Artillery Officer
Panzergrenadier Officer Quarters
Luftwaffe Officer Quarters
Marder III M Tank Destroyer
Marder III M Tank Destroyer
Marder III M Tank Destroyer
Marder III M Tank Destroyer
Construct Panzer Kompanie